 Dungeon Crawl Stone Soup version 0.21-a0-538-gd16b88a (webtiles) character file.

75 Amnesiac the Shield-Bearer (level 4, 0/30 HPs)
             Began as a Halfling Fighter on Dec 15, 2017.
             Succumbed to an adder's poison
             ... on level 3 of the Dungeon.
             The game lasted 00:03:19 (739 turns).

Amnesiac the Shield-Bearer (Halfling Fighter)        Turns: 739, Time: 00:03:20

Health: 0/30       AC:  6    Str: 23    XL:     4   Next: 55%
Magic:  4/4        EV: 11    Int:  6    God:
Gold:   35         SH: 10    Dex: 13    Spells: 3/3 levels left

rFire    . . .     SeeInvis .   b - +0 rapier
rCold    . . .     Gourm    .   c - +0 shield
rNeg     . . .     Faith    .   k - +0 scale mail
rPois    .         Spirit   .   (no helmet)
rElec    .         Reflect  .   (no cloak)
rCorr    .         Harm     .   (no gloves)
MR       .....                  (no boots)
Stlth    ..........             (no amulet)
HPRegen  0.10/turn              (no ring)
MPRegen  0.09/turn              (no ring)

@: mighty, lethally poisoned (0 -> -7), very slow
A: small, mutation resistance 1
a: no special abilities


You were on level 3 of the Dungeon.
You were not hungry.

You visited 1 branch of the dungeon, and saw 3 of its levels.

You collected 35 gold pieces.

Inventory:

Hand Weapons
 a - a +0 hunting sling
 b - a +0 rapier (weapon)
 j - a +1 flail of venom
Missiles
 g - 12 poisoned needles
 h - 57 stones (quivered)
Armour
 c - a +0 shield (worn)
 k - a +0 scale mail (worn)
Scrolls
 e - a scroll of remove curse {!r, unknown}
 i - a scroll of identify {!r, unknown}
 l - a scroll of fog {!r, unknown}
Comestibles
 f - a bread ration


   Skills:
 - Level 2.6 Fighting
 - Level 2.4 Short Blades
 + Level 2.6(2.9) Slings
 - Level 1.0(1.5) Throwing
 - Level 3.2 Armour
 - Level 3.2 Dodging
 - Level 3.2 Shields


You had 3 spell levels left.
You didn't know any spells.

Dungeon Overview and Level Annotations

Branches:
Dungeon (3/15)

Altars:

Portals:
Sewer: D:3


Innate Abilities, Weirdness & Mutations

You are small and have problems with some larger weapons.
You are somewhat resistant to further mutation.


Message History

The leopard gecko bites you but does no damage.
You closely miss the leopard gecko. The leopard gecko barely misses you.
The leopard gecko bites you but does no damage.
You hit the leopard gecko.
The leopard gecko is poisoned.
The leopard gecko is severely wounded.
You block the leopard gecko's attack.
Your unstable footing causes you to fumble your attack.
You kill the leopard gecko!
Your Slings skill increases to level 2!
You see here a river rat corpse.
You butcher the river rat corpse.
You see here an inedible chunk of flesh.
You start resting.
You hear the quick rusting of a drain.
A leopard gecko and an adder come into view.
The adder hisses angrily.
The leopard gecko hisses angrily.
The adder bites you.
* * * LOW HITPOINT WARNING * * *
Found a glowing drain.
A rat and a giant cockroach come into view.
The adder bites you.
* * * LOW HITPOINT WARNING * * *
You are poisoned.
The adder poisons you! You block the adder's attack.
Your shield and scale mail prevent you from hitting the adder.
You feel sick. The adder closely misses you. x2
Your unstable footing causes you to fumble your attack.
You block the adder's attack. The adder bites you.
* * * LOW HITPOINT WARNING * * *
You are more poisoned.
The adder poisons you!
Your unstable footing causes you to fumble your attack.
You feel sick. You block the adder's attack. x2
Really quaff
d - a potion of might {!q}?
You feel very mighty all of a sudden.
You feel sick. You block the adder's attack.
Wield which item (- for none, * to show all)? (? for menu, Esc to quit)
Your +1 flail of venom stops dripping with poison.
b - a +0 rapier (weapon)
The adder barely misses you.
Your unstable footing causes you to fumble your attack.
You block the adder's attack.
Your unstable footing causes you to fumble your attack.
You feel sick. You block the adder's attack. x2
You barely miss the adder. The adder bites you but does no damage.
You hit the adder.
The adder is severely wounded.
You feel sick. You block the adder's attack.
Your unstable footing causes you to fumble your attack.
You block the adder's attack. The adder bites you.
* * * LOW HITPOINT WARNING * * *
You barely miss the adder.
The adder is severely wounded.
You block the adder's attack.
Your unstable footing causes you to fumble your attack.
You feel sick. The adder closely misses you. The adder bites you.
* * * LOW HITPOINT WARNING * * *
You are more poisoned.
The adder poisons you!
You puncture the adder!
You kill the adder!
You impale the leopard gecko!!
You kill the leopard gecko!
You die...

...........#
...........#
.######.####
#.# #.## ####
####..#
##≈≈####≈≈##.#
#≈≈≈%≈≈≈≈≈≈#.##
##≈≈####@≈##..#
#≈## ##†###.#
#≈#≈∩r≈≈≈##..#
#≈#≈≈l≈≈≈##[##
#≈##≈≈#####.#
##≈≈####≈≈##.#
#≈≈≈≈≈†≈≈≈†..#
##≈≈####≈≈####
#### ####


There were no monsters in sight!

Vanquished Creatures
  3 adders (D:3)
  A river rat (D:3)
  2 dart slugs (D:3)
  3 leopard geckos (D:3)
  2 orcs (D:3)
  3 giant cockroaches
  3 hobgoblins
  3 jackals
  2 bats
  3 frilled lizards
  3 goblins (D:3)
  A kobold (D:3)
  4 rats
33 creatures vanquished.

Notes
Turn   | Place    | Note
-------+----------+-------------------------------------------
     0 | D:1      | Amnesiac the Halfling Fighter began the quest for the Orb.
     0 | D:1      | Reached XP level 1. HP: 15/15 MP: 1/1
    51 | D:1      | Reached skill level 1 in Dodging
    58 | D:1      | Reached XP level 2. HP: 6/20 MP: 2/2
   407 | D:3      | Reached XP level 3. HP: 25/25 MP: 3/3
   587 | D:3      | Reached skill level 1 in Throwing
   630 | D:3      | Reached XP level 4. HP: 22/30 MP: 4/4
   667 | D:3      | Reached skill level 1 in Slings
   724 | D:3      | Found a glowing drain.
   737 | D:3      | HP: 1/30 [adder (3)]
   739 | D:3      | Succumbed to an adder's poison

Vault maps used:
D:1:      nzn_arrival_depleted_hourglass, st_stairs_11
D:2:      lemuel_coloured_pillars_altar, uniq_natasha, uniq_jessica
D:3:      gup_sewer_entry_bubbles

Skill      XL: |  1  2  3  4 |
---------------+-------------+-----
Dodging        | 1 2 3 |  3.2
Throwing       | 1 |  1.0
Slings         | 2 |  2.6
Fighting       | |  2.6
Short Blades   | |  2.4
Armour         | |  3.2
Shields        | |  3.2

Action                   |  1- 3 |  4- 6 || total
-------------------------+-------+-------++-------
Melee: Rapier            |    84 |    26 ||   110
       Flail             |       |    29 ||    29
 Fire: Hunting sling     |     9 |       ||     9
Throw: Stone             |     3 |       ||     3
  Use: Potion            |       |     3 ||     3
Armor: Scale mail        |    21 |     6 ||    27
Dodge: Dodged            |    30 |    22 ||    52
Block: Shield            |    44 |    36 ||    80

Table legend:
 A = Spawn XP
 B = Non-spawn XP
 C = Spawn XP percentage of total XP
 D = Spawn monster count
 E = Non-spawn monster count
 F = Spawn count percentage of total count
 G = Total turns spent on level
                    A         B        C        D         E        F      G
               +---------+---------+-------+---------+---------+-------+---------
         Total |       0 |     108 |   0.0 |       0 |      33 |   0.0 |   739
               +---------+---------+-------+---------+---------+-------+---------
           D:1 |       0 |      13 |   0.0 |       0 |       8 |   0.0 |   297
           D:3 |       0 |      95 |   0.0 |       0 |      25 |   0.0 |   432
               +---------+---------+-------+---------+---------+-------+---------
